TOP OF THE 1ST |
Williamsport Crosscutters batting - Pitching for West Virginia Black Bears : RHP Victor Medina
|
Pitching: RHP Victor Medina
|
|
Batting: SHB Marco de Leon
|
0-0: Ball 1-0: Ball 2-0: Ball 3-0: Base on Balls
|
Batting: LHB Rich Kuehne
|
0-0: Ball Wild Pitch! Marco de Leon to second 1-0: Ball 2-0: Ground out 6-3 (Groundball, 6, EV 79.4 MPH) Marco de Leon to third
|
Batting: RHB Carlos Morejon
|
0-0: Ball 1-0: Foul Ball, location: 2F 1-1: Called Strike 1-2: Strikes out swinging
|
Batting: SHB Brett St. Clair
|
0-0: Fly out, F8 (Flyball, 89M, EV 93.8 MPH)
|
Top of the 1st over - 0 runs, 0 hits, 0 errors, 1 left on base; Williamsport 0 - West Virginia 0 |
BOTTOM OF THE 1ST |
West Virginia Black Bears batting - Pitching for Williamsport Crosscutters : RHP Dusty DuPont
|
Pitching: RHP Dusty DuPont
|
|
Batting: SHB Don Hauk
|
0-0: Ball 1-0: Ground out 6-3 (Groundball, 6M, EV 88.8 MPH)
|
Batting: RHB Brandon White
|
0-0: Ball 1-0: Ball 2-0: Ball 3-0: Called Strike 3-1: SINGLE (Groundball, 56S, EV 96.2 MPH)
|
Batting: LHB Joe Wise
|
0-0: Ball 1-0: Ball 2-0: Ball 3-0: Called Strike 3-1: Called Strike 3-2: Base on Balls Brandon White to second
|
Batting: RHB Dave Fredericks
|
0-0: Called Strike 0-1: Fielders Choice at 2nd, 2-4 (Groundball, 2L, EV 66.9 MPH) Brandon White to third
|
Batting: RHB Rick Pittman
|
0-0: SINGLE (Groundball, 56, EV 103.1 MPH) Brandon White scores Dave Fredericks to second Runner from 2nd tries for 3rd, SAFE, throw by LF made to third
|
Batting: RHB Terrence Wilson
|
0-0: SINGLE (Groundball, 56, EV 100.0 MPH) Dave Fredericks scores Rick Pittman to second
|
Batting: LHB Aito Harada
|
0-0: Ball 1-0: Called Strike 1-1: Ball 2-1: Foul Ball, location: 2F 2-2: Strikes out swinging
|
Bottom of the 1st over - 2 runs, 3 hits, 0 errors, 2 left on base; Williamsport 0 - West Virginia 2 |
TOP OF THE 2ND |
Williamsport Crosscutters batting - Pitching for West Virginia Black Bears : RHP Victor Medina
|
Batting: RHB Antonio Lara
|
0-0: Called Strike 0-1: Called Strike 0-2: Reached on error, E6 (Groundball, 6, EV 93.1 MPH)
|
Batting: RHB Danny Habermehl
|
0-0: Called Strike 0-1: Foul Ball, location: 2F 0-2: Fly out, F9 (Flyball, 9D, EV 91.2 MPH)
|
Batting: RHB Gary Sampson
|
0-0: Ball 1-0: Ball 2-0: Fly out, F6 (Popup, 6S, EV 67.5 MPH)
|
Batting: SHB Miguel Sierra
|
0-0: Ball 1-0: Ball 2-0: Ball 3-0: Foul Ball, location: 2F 3-1: Foul Ball, location: 2F 3-2: Foul Ball, location: 2F 3-2: Foul Ball, location: 2F 3-2: Strikes out swinging
|
Top of the 2nd over - 0 runs, 0 hits, 1 error, 1 left on base; Williamsport 0 - West Virginia 2 |
BOTTOM OF THE 2ND |
West Virginia Black Bears batting - Pitching for Williamsport Crosscutters : RHP Dusty DuPont
|
Batting: RHB Chris Beckham
|
0-0: Ground out 5-3 (Groundball, 5S, EV 86.2 MPH)
|
Batting: RHB Tyler West
|
0-0: Ball 1-0: Ball 2-0: Ball 3-0: Base on Balls
|
Batting: SHB Don Hauk
|
0-0: Fielders Choice at 2nd, 1-6 (Groundball, P, EV 72.5 MPH)
|
Batting: RHB Brandon White
|
0-0: Ball 1-0: Ball 2-0: Ball 3-0: Called Strike 3-1: Swinging Strike 3-2: Foul Ball, location: 2F 3-2: Foul Ball, location: 2F 3-2: Foul Ball, location: 2F 3-2: Strikes out swinging
|
Bottom of the 2nd over - 0 runs, 0 hits, 0 errors, 1 left on base; Williamsport 0 - West Virginia 2 |
TOP OF THE 3RD |
Williamsport Crosscutters batting - Pitching for West Virginia Black Bears : RHP Victor Medina
|
Batting: RHB Dale Turner
|
0-0: Ball 1-0: Ball 2-0: Foul Ball, location: 2F 2-1: Swinging Strike 2-2: Ground out 5-3 (Groundball, 56S, EV 68.1 MPH)
|
Batting: SHB Marco de Leon
|
0-0: Ball 1-0: Foul Ball, location: 2F 1-1: Ball 2-1: Ground out 4-3 (Groundball, 4, EV 84.4 MPH)
|
Batting: LHB Rich Kuehne
|
0-0: Ball 1-0: Swinging Strike 1-1: Foul Ball, location: 2F 1-2: Ball 2-2: Ball 3-2: Strikes out swinging
|
Top of the 3rd over - 0 runs, 0 hits, 0 errors, 0 left on base; Williamsport 0 - West Virginia 2 |
BOTTOM OF THE 3RD |
West Virginia Black Bears batting - Pitching for Williamsport Crosscutters : RHP Dusty DuPont
|
Batting: LHB Joe Wise
|
0-0: Ground out 3-1 (Groundball, 34, EV 90.0 MPH)
|
Batting: RHB Dave Fredericks
|
0-0: Swinging Strike 0-1: Ball 1-1: Foul Ball, location: 2F 1-2: Strikes out looking
|
Batting: RHB Rick Pittman
|
0-0: Ball 1-0: Foul Ball, location: 2F 1-1: Ball 2-1: Ball 3-1: Base on Balls
|
Batting: RHB Terrence Wilson
|
0-0: Called Strike 0-1: Swinging Strike 0-2: Ball 1-2: Ball 2-2: Strikes out swinging
|
Bottom of the 3rd over - 0 runs, 0 hits, 0 errors, 1 left on base; Williamsport 0 - West Virginia 2 |
TOP OF THE 4TH |
Williamsport Crosscutters batting - Pitching for West Virginia Black Bears : RHP Victor Medina
|
Batting: RHB Carlos Morejon
|
0-0: Swinging Strike 0-1: Called Strike 0-2: Ball 1-2: Foul Ball, location: 2F 1-2: Ball 2-2: Strikes out swinging
|
Batting: SHB Brett St. Clair
|
0-0: Called Strike 0-1: Ball 1-1: Swinging Strike 1-2: Ball 2-2: Strikes out looking
|
Batting: RHB Antonio Lara
|
0-0: Ball 1-0: Swinging Strike 1-1: Swinging Strike 1-2: Strikes out swinging
|
Top of the 4th over - 0 runs, 0 hits, 0 errors, 0 left on base; Williamsport 0 - West Virginia 2 |
BOTTOM OF THE 4TH |
West Virginia Black Bears batting - Pitching for Williamsport Crosscutters : RHP Dusty DuPont
|
Batting: LHB Aito Harada
|
0-0: Called Strike 0-1: Ground out U3 (Groundball, 3L, EV 78.8 MPH)
|
Batting: RHB Chris Beckham
|
0-0: Called Strike 0-1: Ground out 6-3 (Groundball, 6, EV 108.8 MPH)
|
Batting: RHB Tyler West
|
0-0: Ball 1-0: Reached on error, E6 (Groundball, 6, EV 83.8 MPH)
|
Batting: SHB Don Hauk
|
0-0: Ball 1-0: Swinging Strike 1-1: Ground out 4-3 (Groundball, 34, EV 83.1 MPH)
|
Bottom of the 4th over - 0 runs, 0 hits, 1 error, 1 left on base; Williamsport 0 - West Virginia 2 |
TOP OF THE 5TH |
Williamsport Crosscutters batting - Pitching for West Virginia Black Bears : RHP Victor Medina
|
Batting: RHB Danny Habermehl
|
0-0: Ball 1-0: Called Strike 1-1: Swinging Strike 1-2: Foul Ball, location: 2F 1-2: Strikes out swinging
|
Batting: RHB Gary Sampson
|
0-0: Swinging Strike 0-1: Foul Ball, location: 2F 0-2: Ball 1-2: Strikes out looking
|
Batting: SHB Miguel Sierra
|
0-0: Fly out, F7 (Flyball, 78M, EV 95.0 MPH)
|
Top of the 5th over - 0 runs, 0 hits, 0 errors, 0 left on base; Williamsport 0 - West Virginia 2 |
BOTTOM OF THE 5TH |
West Virginia Black Bears batting - Pitching for Williamsport Crosscutters : RHP Dusty DuPont
|
Batting: RHB Brandon White
|
0-0: Called Strike 0-1: SINGLE (Flyball, 4D, EV 91.2 MPH)
|
Batting: LHB Joe Wise
|
0-0: Called Strike 0-1: Ball 1-1: Foul Ball, location: 2F 1-2: Ball 2-2: Ball 3-2: Foul Ball, location: 2F 3-2: Fly out, F9 (Flyball, 89M, EV 80.6 MPH)
|
Batting: RHB Dave Fredericks
|
0-0: Called Strike 0-1: Grounds into double play, 6-4-3 (Groundball, 6, EV 81.9 MPH)
|
Bottom of the 5th over - 0 runs, 1 hit, 0 errors, 0 left on base; Williamsport 0 - West Virginia 2 |
TOP OF THE 6TH |
Williamsport Crosscutters batting - Pitching for West Virginia Black Bears : RHP Victor Medina
|
Batting: RHB Dale Turner
|
0-0: SINGLE (Groundball, 6D, EV 96.2 MPH)
|
Batting: SHB Marco de Leon
|
0-0: Ball 1-0: Ball 2-0: Fly out, F5 (Popup, 25F, EV 78.1 MPH)
|
Batting: LHB Rich Kuehne
|
0-0: Ball 1-0: Fly out, F9 (Flyball, 9S, EV 91.9 MPH)
|
Batting: RHB Carlos Morejon
|
0-0: Ball 1-0: Foul Ball, location: 2F 1-1: Called Strike 1-2: Ball 2-2: Ground out 4-3 (Groundball, 3D, EV 100.6 MPH)
|
Top of the 6th over - 0 runs, 1 hit, 0 errors, 1 left on base; Williamsport 0 - West Virginia 2 |
BOTTOM OF THE 6TH |
West Virginia Black Bears batting - Pitching for Williamsport Crosscutters : RHP Dusty DuPont
|
Batting: RHB Rick Pittman
|
0-0: Ball 1-0: Ball 2-0: Foul Ball, location: 2F 2-1: Foul Ball, location: 2F 2-2: Ball 3-2: Base on Balls
|
Batting: RHB Terrence Wilson
|
0-0: Reached on error, E6 (Groundball, 6, EV 86.9 MPH) Rick Pittman to second
|
Batting: LHB Aito Harada
|
0-0: SINGLE (Flyball, 8RS, EV 91.2 MPH) Rick Pittman to third Terrence Wilson to second
|
Batting: RHB Chris Beckham
|
0-0: Swinging Strike 0-1: Foul Ball, location: 2F 0-2: SINGLE (Groundball, 4MD, EV 106.2 MPH) Rick Pittman scores Terrence Wilson to third Aito Harada to second
|
Batting: RHB Tyler West
|
0-0: Called Strike 0-1: Ball 1-1: Grounds into fielders choice 4-2 (Groundball, 4, EV 110.6 MPH) Aito Harada to third Chris Beckham to second
|
Batting: SHB Don Hauk
|
0-0: Fly out, F7 (Flyball, 7D, EV 102.5 MPH) Runner from 3rd tags up, SCORES, no throw by LF Chris Beckham to third
|
Batting: RHB Brandon White
|
0-0: Fly out, F8 (Line Drive, 8LM, EV 86.2 MPH)
|
Bottom of the 6th over - 2 runs, 2 hits, 1 error, 2 left on base; Williamsport 0 - West Virginia 4 |
TOP OF THE 7TH |
Williamsport Crosscutters batting - Pitching for West Virginia Black Bears : RHP Victor Medina
|
Batting: SHB Brett St. Clair
|
0-0: Ball 1-0: Foul Ball, location: 2F 1-1: Ball 2-1: Ball 3-1: Called Strike 3-2: SINGLE (Groundball, 23, EV 65.0 MPH) (infield hit)
|
Pitching: RHP Xavier Stovall
|
|
Batting: RHB Antonio Lara
|
0-0: Called Strike 0-1: Called Strike 0-2: Ball 1-2: Ball 2-2: Fly out, F3 (Popup, 3SF, EV 79.4 MPH)
|
Batting: RHB Danny Habermehl
|
0-0: Foul Ball, location: 2F 0-1: Foul Ball, location: 2F 0-2: Strikes out looking
|
Batting: RHB Gary Sampson
|
0-0: Called Strike 0-1: Ball 1-1: Ball 2-1: Swinging Strike 2-2: Foul Ball, location: 2F 2-2: Ball 3-2: Strikes out looking
|
Top of the 7th over - 0 runs, 1 hit, 0 errors, 1 left on base; Williamsport 0 - West Virginia 4 |
BOTTOM OF THE 7TH |
West Virginia Black Bears batting - Pitching for Williamsport Crosscutters : RHP Dusty DuPont
|
Pitching: RHP Markus Bevan
|
|
Batting: LHB Joe Wise
|
0-0: Ball 1-0: Foul Ball, location: 2F 1-1: SINGLE (Groundball, 6S, EV 64.4 MPH) (infield hit)
|
Batting: RHB Dave Fredericks
|
0-0: SINGLE (Line Drive, 78S, EV 99.4 MPH) Joe Wise to second
|
Batting: RHB Rick Pittman
|
0-0: Called Strike 0-1: Ball 1-1: Fielders Choice at 2nd, 4-6 (Groundball, 4, EV 106.2 MPH) Joe Wise to third
|
Batting: RHB Terrence Wilson
|
0-0: Ball 1-0: Ball 2-0: Ball 3-0: Swinging Strike 3-1: Base on Balls Rick Pittman to second
|
Batting: LHB Aito Harada
|
0-0: Ball 1-0: Called Strike 1-1: Fly out, F2 (Popup, 15S, EV 83.1 MPH)
|
Batting: RHB Chris Beckham
|
0-0: Ball 1-0: Foul Ball, location: 2F 1-1: Ball 2-1: Foul Ball, location: 2F 2-2: Strikes out swinging
|
Bottom of the 7th over - 0 runs, 2 hits, 0 errors, 3 left on base; Williamsport 0 - West Virginia 4 |
TOP OF THE 8TH |
Williamsport Crosscutters batting - Pitching for West Virginia Black Bears : RHP Xavier Stovall
|
Batting: SHB Miguel Sierra
|
0-0: Ball 1-0: Ground out 4-3 (Groundball, 4, EV 76.9 MPH)
|
Batting: RHB Dale Turner
|
0-0: Ball 1-0: Ball 2-0: Fly out, F8 (Flyball, 89M, EV 84.4 MPH)
|
Batting: SHB Marco de Leon
|
0-0: Ball 1-0: Ball 2-0: Swinging Strike 2-1: Ball 3-1: Base on Balls
|
Batting: LHB Rich Kuehne
|
0-0: Foul Ball, location: 2F 0-1: Ball 1-1: Swinging Strike 1-2: Strikes out looking
|
Top of the 8th over - 0 runs, 0 hits, 0 errors, 1 left on base; Williamsport 0 - West Virginia 4 |
BOTTOM OF THE 8TH |
West Virginia Black Bears batting - Pitching for Williamsport Crosscutters : RHP Markus Bevan
|
Batting: RHB Tyler West
|
0-0: SINGLE (Groundball, 6M, EV 108.1 MPH)
|
Batting: SHB Don Hauk
|
0-0: Swinging Strike 0-1: Ball 1-1: Ball Tyler West steals 2nd base 2-1: Ball 3-1: Called Strike 3-2: Base on Balls
|
Batting: RHB Brandon White
|
0-0: Sac Bunt to 23 - play at first, batter OUT! 3-4 Tyler West to third Don Hauk to second
|
Batting: LHB Joe Wise
|
0-0: SINGLE (Flyball, 78M, EV 91.9 MPH) Tyler West scores Don Hauk to third
|
Batting: RHB Dave Fredericks
|
0-0: Called Strike Joe Wise steals 2nd base 0-1: Fly out, F6 (Popup, 6MD, EV 64.4 MPH)
|
Batting: RHB Rick Pittman
|
0-0: Called Strike 0-1: SINGLE (Flyball, 5D, EV 93.1 MPH) Don Hauk scores Joe Wise to third Runner from 3rd tries for Home, SAFE, throw by LF to home
|
Batting: RHB Terrence Wilson
|
0-0: Fly out, F2 (Popup, 3SF, EV 71.9 MPH)
|
Bottom of the 8th over - 3 runs, 3 hits, 0 errors, 1 left on base; Williamsport 0 - West Virginia 7 |
TOP OF THE 9TH |
Williamsport Crosscutters batting - Pitching for West Virginia Black Bears : RHP Xavier Stovall
|
Batting: RHB Carlos Morejon
|
0-0: Swinging Strike 0-1: Called Strike 0-2: Strikes out swinging
|
Batting: SHB Brett St. Clair
|
0-0: Swinging Strike 0-1: Ball 1-1: Ball 2-1: Called Strike 2-2: Ball 3-2: Foul Ball, location: 2F 3-2: Strikes out looking
|
Batting: RHB Antonio Lara
|
0-0: Foul Ball, location: 2F 0-1: Ball 1-1: Foul Ball, location: 2F 1-2: Strikes out looking
|
Top of the 9th over - 0 runs, 0 hits, 0 errors, 0 left on base; Williamsport 0 - West Virginia 7 |
|